 Dungeon Crawl Stone Soup version 0.29.1-15-g9cfb28693d (webtiles) character file.

Game seed: 11168697636993285505

1823 cdecastro the Fighter (level 8, -2/88 HPs)
             Began as a Troll Fighter on Mar 25, 2023.
             Was a Priest of Okawaru.
             Slain by a gnoll
             ... wielding a +0 halberd
             ... led by a gnoll sergeant
              (13 damage)
             ... on level 6 of the Dungeon on Mar 27, 2023.
             The game lasted 00:09:41 (5194 turns).

cdecastro the Fighter (Troll Fighter)               Turns: 5194, Time: 00:09:42

Health: -2/88      AC:  4    Str: 25    XL:     8   Next: 85%
Magic:  10/10      EV: 10    Int:  4    God:    Okawaru [***...]
Gold:   359        SH:  0    Dex: 11    Spells: 7/7 levels left

rFire   + + .      SeeInvis .   v - +4 mace of Terra Cotta {venom, +Blink rF++ rC- Stlth+}
rCold   x . .      Faith    .   (no shield)
rNeg    . . .      Spirit   .   a - +0 robe
rPois   .          Reflect  .   (helmet restricted)
rElec   .          Harm     .   (no cloak)
rCorr   .          Rampage  .   (gloves unavailable)
Will    .....                   (boots unavailable)
Stlth   ++........              (no amulet)
HPRegen 1.04/turn               x - ring of flight
MPRegen 0.12/turn               (no ring)

@: flying
A: large, unfitting armour, claws 3, regeneration 1, shaggy fur 1, tough skin 1
a: Renounce Religion, Evoke Blink, Heroism


You were on level 6 of the Dungeon.
You worshipped Okawaru.
Okawaru was most pleased with you.
You visited 2 branches of the dungeon, and saw 7 of its levels.

You collected 359 gold pieces.

Inventory:

Hand Weapons
 r - the +7 dagger "Qunygiel" {vorpal, rElec Dex-4 SInv}
   (You found it on level 3 of the Dungeon)

   It inflicts extra damage upon your enemies.
   Dex:       It affects your dexterity (-4).
   rElec:     It insulates you from electricity.
   SInv:      It lets you see invisible.
 v - the +4 mace of Terra Cotta (weapon) {venom, +Blink rF++ rC- Stlth+}
   (You found it on level 4 of the Dungeon)

   It poisons the flesh of those it strikes.
   rF:        It greatly protects you from fire.
   rC:        It makes you vulnerable to cold.
   +Blink:    It lets you blink.
   Stlth:     It makes you more stealthy.
Missiles
 l - 17 poisoned darts (quivered)
 H - 5 boomerangs
Armour
 a - a +0 robe (worn)
 b - a +0 kite shield
 z - a +0 tower shield
Magical Staves
 y - a staff of death
Jewellery
 x - a ring of flight (left claw)
 C - a ring of poison resistance
Wands
 e - a wand of mindburst (19)
 p - a wand of iceblast (10)
 s - a wand of acid (8)
 t - a wand of paralysis (3)
Scrolls
 d - a scroll of silence {unknown}
 i - 7 scrolls of teleportation {unknown}
 k - 6 scrolls of identify {unknown}
 n - a scroll of vulnerability {unknown}
 q - a scroll of immolation {unknown}
 A - 2 scrolls of brand weapon {unknown}
 B - a scroll of blinking {unknown}
 E - a scroll of magic mapping {unknown}
 F - a scroll of fear {unknown}
 I - 2 scrolls of enchant armour {unknown}
 K - a scroll of noise {unknown}
 L - a scroll of acquirement {unknown}
Potions
 c - 2 potions of might
 f - 4 potions of heal wounds {unknown}
 g - 3 potions of brilliance {unknown}
 h - 2 potions of haste {unknown}
 j - a potion of degeneration {unknown}
 m - 2 potions of flight {unknown}
 o - 2 potions of cancellation {unknown}
 u - a potion of resistance {unknown}
 w - 4 potions of curing {unknown}
 D - a potion of magic {unknown}
 G - a potion of attraction {unknown}
 J - a potion of lignification {unknown}


   Skills:
 + Level 8.0 Fighting
 - Level 2.4 Dodging
 - Level 2.6 Shields
 - Level 4.6 Unarmed Combat
 - Level 5.0 Invocations


You had 7 spell levels left.
You didn't know any spells.
Your spell library contained the following spells:

 Spells                   Type           Power      Damage    Failure   Level
 Slow                     Hex            0%         N/A       50%         1
 Confusing Touch          Hex            0%         N/A       86%         3
 Portal Projectile        Hex/Tloc       0%         N/A       86%         3
 Vampiric Draining        Necr           0%         2d6       86%         3
 Leda's Liquefaction      Hex/Erth       0%         N/A       99%         4
 Call Canine Familiar     Summ           Unusable   N/A       N/A         3

Dungeon Overview and Level Annotations

Branches:
Dungeon (6/15)             Temple (1/1) D:6

Altars:
Ashenzari
Cheibriados
Dithmenos
Elyvilon
Fedhas
Gozag
Makhleb
Nemelex Xobeh
Okawaru
Qazlal
Ru
Sif Muna
Vehumet
Wu Jian
Xom
Yredelemnul
Zin
The Shining One

Shops:
D:1 [


Innate Abilities, Weirdness & Mutations

You are too large for most types of armour.
You have claws for hands.
Your natural rate of healing is unusually fast.
You are covered in fur. (AC +1)
You have tough skin. (AC +1)


Message History

Okawaru accepts your kill. The gnoll barely misses you.
The gnoll hits you with a +0 halberd.
Things that are here:
a +0 spear; a gnoll corpse You hit the gnoll sergeant but do no damage.
The gnoll sergeant is poisoned.
The gnoll sergeant hits you with a +0 trident.
The gnoll hits you with a +0 halberd. The gnoll barely misses you.
The gnoll sergeant closely misses you. The gnoll hits you with a +0 halberd.
The gnoll closely misses you.
You barely miss the gnoll sergeant.
The gnoll sergeant is lightly wounded.
The gnoll sergeant hits you with a +0 trident.
The gnoll hits you with a +0 halberd! The gnoll barely misses you.
You hit the gnoll sergeant.
The gnoll sergeant looks as sick as possible!
The gnoll sergeant is moderately wounded.
The gnoll sergeant hits you with a +0 trident!
The gnoll closely misses you. x2
The gnoll sergeant hits you with a +0 trident!
* * * LOW HITPOINT WARNING * * *
The gnoll hits you with a +0 halberd!
* * * LOW HITPOINT WARNING * * *
The gnoll barely misses you.
You closely miss the gnoll sergeant. You claw the gnoll sergeant.
The gnoll sergeant is severely wounded.
The gnoll sergeant hits you with a +0 trident.
* * * LOW HITPOINT WARNING * * *
The gnoll hits you with a +0 halberd!
* * * LOW HITPOINT WARNING * * *
The gnoll hits you with a +0 club.
* * * LOW HITPOINT WARNING * * *
You hit the gnoll sergeant.
The gnoll sergeant looks as sick as possible!
The gnoll sergeant is almost dead.
The gnoll sergeant hits you with a +0 trident.
* * * LOW HITPOINT WARNING * * *
The gnoll hits you with a +0 halberd!
You die...

###g..#...
........P..#gg.####..
#............### #..
........P.### ##.
#...P.....# ##
#.......P.# #
#....P....# ###
#ggg....# ##.. #@####
##..# #.### ###..#.
##...#### ##..##..
##..##...####..#....
##..#####......#.....
##..## ###...#......
##..## #..........
##..## ##..........
##..## #...........


You could see a gnoll sergeant (extremely poisoned) and 2 gnolls.

Vanquished Creatures
  Grinder (D:2)
  Menkaure (D:6)
  A sky beast (D:5)
  2 ogres (D:6)
  3 phantoms
  A bullfrog (D:6)
  A gnoll sergeant (D:6)
  3 scorpions
  A necrophage (D:6)
  A howler monkey (D:5)
  A gnoll bouda (D:5)
  4 hounds
  A jelly (D:6)
  3 orc wizards
  4 iguanas
  7 gnolls
  8 adders
  A white imp (D:5)
  3 ufetubi
  2 dart slugs
  15 orcs
  6 bats
  9 endoplasms
  9 hobgoblins
  4 jackals (D:1)
  12 kobolds
  5 quokkas
  3 ball pythons
  5 frilled lizards
  12 goblins
  7 rats
136 creatures vanquished.

Vanquished Creatures (others)
  12 plants (D:6)
12 creatures vanquished.

Grand Total: 148 creatures vanquished

Notes
Turn   | Place    | Note
-------+----------+-------------------------------------------
     0 | D:1      | cdecastro the Troll Fighter began the quest for the Orb.
     0 | D:1      | Reached XP level 1. HP: 22/22 MP: 0/0
    91 | D:1      | Found Neppeum's Armour Shop.
   151 | D:1      | Reached XP level 2. HP: 29/29 MP: 1/1
   376 | D:1      | Reached XP level 3. HP: 36/36 MP: 2/2
   991 | D:2      | Found a basalt altar of Yredelemnul.
  1085 | D:2      | Found a faded altar of an unknown god.
  1413 | D:3      | Reached XP level 4. HP: 44/44 MP: 3/3
  1434 | D:3      | Found a white marble altar of Elyvilon.
  1434 | D:3      | Found a sacrificial altar of Ru.
  1435 | D:3      | Found an iron altar of Okawaru.
  1436 | D:3      | Found a glowing silver altar of Zin.
  1437 | D:3      | Noticed Grinder
  1438 | D:3      | Paralysed by Grinder for 4 turns
  1595 | D:3      | Found a radiant altar of Vehumet.
  1601 | D:3      | Became a worshipper of Warmaster Okawaru
  2023 | D:3      | Identified the +7 dagger "Qunygiel" {vorpal, rElec Dex-4
                  | SInv}
  2247 | D:2      | Paralysed by Grinder for 3 turns
  2250 | D:2      | Killed Grinder
  2250 | D:2      | Reached * piety under Okawaru
  2251 | D:2      | Reached skill level 4 in Fighting
  2251 | D:2      | Reached XP level 5. HP: 23/55 MP: 4/4
  2251 | D:2      | Reached XP level 6. HP: 26/63 MP: 5/5
  2414 | D:4      | Identified the +4 mace of Terra Cotta {venom, +Blink rF++
                  | rC- Stlth+}
  2586 | D:4      | Reached skill level 5 in Fighting
  2926 | D:4      | Reached XP level 7. HP: 71/74 MP: 6/6
  3084 | D:5      | Entered Level 5 of the Dungeon
  3131 | D:5      | Reached skill level 6 in Fighting
  3263 | D:5      | Reached ** piety under Okawaru
  3490 | D:5      | Reached skill level 7 in Fighting
  3493 | D:5      | Reached skill level 1 in Invocations
  3563 | D:5      | Found a shimmering altar of Xom.
  3563 | D:5      | Found a shimmering blue altar of Sif Muna.
  3607 | D:5      | Reached XP level 8. HP: 84/87 MP: 8/8
  3707 | D:5      | Found a blossoming altar of Fedhas.
  4101 | D:6      | Found a staircase to the Ecumenical Temple.
  4562 | D:6      | Reached skill level 5 in Invocations
  4574 | Temple   | Entered the Ecumenical Temple
  4723 | D:6      | Noticed Menkaure
  4741 | D:6      | Killed Menkaure
  4843 | D:6      | Reached *** piety under Okawaru
  4844 | D:6      | Reached skill level 8 in Fighting
  5194 | D:6      | Slain by a gnoll

Illustrated notes

Levels and vault maps discovered:
D:1:      scummos_arrival_checkerplants, layout_rooms, serial_shops, shop_statue
D:2:      layout_basic, basic_altar, hellmonk_ecumenical_altar_zigzags,
          grunt_ministairs_1
D:3:      minmay_diamond_boxcup, layout_loops_ring,
          nicolae_overflow_crystal_walls, nicolae_overflow_quartered_altars,
          uniq_grinder
D:4:      layout_cave_pods
D:5:      layout_loops_ring, amcnicky_altar_gilded,
          mainiacjoe_overflow_large_starburst
D:6:      layout_cave_pods, minmay_temple_entry_junction, nicolae_grassy_gnolls,
          uniq_menkaure
Temple:   eino_wide_crystal_templ

Skill      XL: |  1  2  3  4  5  6  7  8 |
---------------+-------------------------+-----
Unarmed Combat | 3 4 |  4.6
Fighting       | 4 5 7 8 |  8.0
Invocations    | 2 5 |  5.0
Dodging        | |  2.4
Shields        | |  2.6

Action                   |  1- 3 |  4- 6 |  7- 9 || total
-------------------------+-------+-------+-------++-------
Melee: Unarmed           |   110 |    43 |       ||   153
       Punch             |     2 |       |     8 ||    10
       Dagger            |       |    43 |    12 ||    55
       Mace              |       |    21 |   155 ||   176
Throw: Dart              |       |       |     4 ||     4
 Stab: Sleeping          |       |     3 |     4 ||     7
       Distracted        |       |       |     1 ||     1
Armor: Robe              |    38 |    58 |    45 ||   141
Dodge: Dodged            |    37 |    80 |   106 ||   223
Block: Kite shield       |     1 |       |       ||     1
